 Dungeon Crawl Stone Soup version 0.23.1-37-gaa34b87 (webtiles) character file.

Game seed: 13148316765271309158

7732 Fang the Fighter (level 11, -1/72 HPs)
             Began as a Gargoyle Berserker on Mar 22, 2019.
             Was a High Priest of Trog.
             Killed from afar by a gargoyle (12 damage)
             ... with a stone arrow
             ... on level 10 of the Dungeon.
             The game lasted 00:11:12 (8869 turns).

Fang the Fighter (Gargoyle Berserker)               Turns: 8869, Time: 00:11:13

Health: -1/72      AC: 32    Str: 23    XL:     11   Next: 19%
Magic:  0/11       EV: 10    Int:  9    God:    Trog [*****.]
Gold:   547        SH:  0    Dex:  9    Spells: 10/10 levels left

rFire    . . .     SeeInvis .   g - +0 hand axe (chop)
rCold    . . .     Gourm    .   (no shield)
rNeg     + + .     Faith    .   b - +3 plate armour
rPois    ∞         Spirit   +   w - +2 helmet
rElec    +         Reflect  .   B - +2 cloak {+Inv}
rCorr    +         Harm     .   (no gloves)
MR       ++...                  (no boots)
Stlth    ..........             r - amulet of guardian spirit
HPRegen  1.22/turn              j - ring of resist corrosion
MPRegen  0.12/turn              y - ring of positive energy

@: berserk cooldown, regenerating, slowed, very slow
A: negative energy resistance 1, electricity resistance, unbreathing,
petrification resistance, rot immunity, AC +8
a: Berserk, Trog's Hand, Brothers in Arms, Renounce Religion, Evoke Invisibility


You were on level 10 of the Dungeon.
You worshipped Trog.
Trog was extremely pleased with you.
You were hungry.

You visited 2 branches of the dungeon, and saw 11 of its levels.

You collected 547 gold pieces.

Inventory:

Hand Weapons
 g - a +0 hand axe of chopping (weapon)
 I - a +2 war axe of flaming
Armour
 b - a +3 plate armour (worn)
 w - a +2 helmet (worn)
 B - a +2 cloak of invisibility (worn)
Jewellery
 j - a ring of resist corrosion (left hand)
 r - an amulet of guardian spirit (around neck)
 y - a ring of positive energy (right hand)
 J - a +5 amulet of reflection
 M - an uncursed amulet of regeneration
Wands
 o - a wand of paralysis (6)
 D - a wand of flame (30)
 E - a wand of digging (8)
Scrolls
 f - 4 scrolls of remove curse
 i - 2 scrolls of teleportation
 k - a scroll of identify
 l - a scroll of magic mapping
 q - 3 scrolls of fear
 F - a scroll of blinking
Potions
 a - a potion of agility
 d - 2 potions of might {unknown}
 e - 3 potions of brilliance
 n - 3 potions of heal wounds
 z - a potion of lignification
 A - a potion of mutation
 C - 2 potions of haste
 H - a potion of resistance {unknown}
 L - 2 potions of curing {unknown}
 N - 2 potions of magic {unknown}
Comestibles
 c - 17 rations
 h - a chunk of flesh


   Skills:
 + Level 9.8 Fighting
 + Level 8.3 Axes
 + Level 9.6 Armour
 + Level 7.3 Dodging


You had 10 spell levels left.
You didn't know any spells.
Your spell library was empty.

Dungeon Overview and Level Annotations

Branches:
Dungeon (10/15)            Temple (1/1) D:5             Orc (0/2) D:9
   Lair: D:8-11

Altars:
Fedhas
Nemelex Xobeh
Trog
Wu Jian
Xom
Yredelemnul
The Shining One

Shops:
D:6 (   D:9 [(


Innate Abilities, Weirdness & Mutations

You are resistant to torment.
Your stone body is resilient. (AC +8)
You are immune to poison.
You resist negative energy. (rN+)
You are resistant to electric shocks. (rElec)
You can survive without breathing.
You are immune to petrification.
You are immune to rotting.


Message History

a +1 long sword of holy wrath; a +0 leather armour; an elf corpse You feel a strong urge to attack something.
You feel your anger nearly subside.
You are no longer berserk.
You are exhausted.
You feel yourself slow down.
The gargoyle hurls a stone arrow at you.
The stone arrow hits you!!
* * * LOW HITPOINT WARNING * * *
You hit the gargoyle but do no damage.
The gargoyle is severely damaged.
The gargoyle hits you but does no damage.
You hit the gargoyle but do no damage.
The gargoyle is severely damaged.
The gargoyle misses you.
Your skin crawls.
You feel resistant to hostile enchantments.
You feel somewhat more hungry.
The gargoyle hurls a stone arrow at you.
The stone arrow hits you!
You die...

#.# #
..........?..#
#.# #
.............#
#.## #
.........(...#
#..###
............#
##.....
............#
##..#...
#..........#
##..#####
#.........#
##..##
#.....@9.##
##..##
##.....)..###...#
##....#..##.##..#
###..##...####.#
# ######.## .#
8### #.# .+ ....
.## ## 8### #. #
#.


You could see a gargoyle.

Vanquished Creatures
  Pikel (D:6)
  A deep elf mage (D:10)
  5 centaur skeletons
  2 trolls
  Grinder (D:4)
  2 hippogriffs (D:8)
  Eustachio (D:6)
  Duvessa (D:6)
  A water moccasin (D:9)
  4 orc warriors
  2 ice beasts
  3 black bears
  A slave (D:6)
  A sky beast (D:10)
  A necrophage (D:9)
  3 phantoms
  3 ogres
  6 centaurs
  A big kobold (D:7)
  4 bullfrogs
  A gnoll sergeant (D:5)
  Dowan (D:6)
  4 scorpions
  5 killer bees (D:7)
  16 wights
  4 howler monkeys
  4 crimson imps
  4 hounds
  A gnoll shaman (D:8)
  2 jellies
  12 orc priests
  Crazy Yiuf (D:5)
  3 iguanas
  10 orc wizards
  3 worker ants
  4 hound skeletons
  8 gnolls
  12 adders
  2 shadow imps (D:6)
  An adder zombie (D:9)
  2 adder skeletons (D:4)
  A dart slug (D:4)
  5 leopard geckos
  44 orcs
  2 ball pythons
  2 giant cockroaches (D:4)
  5 goblins
  10 hobgoblins
  10 jackals
  2 quokkas
  6 bats
  9 frilled lizards
  A jackal skeleton (D:5)
  6 kobolds
  A leopard gecko skeleton (D:6)
  2 quokka skeletons
  6 rats
256 creatures vanquished.

Vanquished Creatures (others)
  3 slaves (D:6)
  A howler monkey (D:6)
  2 worker ants (D:6)
  A leopard gecko zombie (D:6)
7 creatures vanquished.

Grand Total: 263 creatures vanquished

Notes
Turn   | Place    | Note
-------+----------+-------------------------------------------
     0 | D:1      | Fang the Gargoyle Berserker began the quest for the Orb.
     0 | D:1      | Reached XP level 1. HP: 14/14 MP: 1/1
   704 | D:2      | Reached XP level 2. HP: 17/19 MP: 2/2
   861 | D:2      | Reached XP level 3. HP: 23/23 MP: 3/3
   902 | D:2      | Reached ** piety under Trog
  1350 | D:3      | Reached XP level 4. HP: 21/29 MP: 4/4
  1833 | D:4      | Noticed a phantom
  2337 | D:4      | Killed a phantom
  2337 | D:4      | Reached XP level 5. HP: 25/34 MP: 5/5
  2499 | D:4      | Reached XP level 6. HP: 23/39 MP: 6/6
  2807 | D:4      | Noticed Grinder
  2822 | D:4      | Killed Grinder
  2822 | D:4      | Reached skill level 5 in Fighting
  2822 | D:4      | Reached XP level 7. HP: 44/44 MP: 2/7
  2893 | D:4      | Reached *** piety under Trog
  3571 | D:4      | Reached skill level 5 in Armour
  3726 | D:5      | Entered Level 5 of the Dungeon
  3787 | D:5      | Found a staircase to the Ecumenical Temple.
  3820 | D:5      | HP: 3/66 [gnoll sergeant/+0 spear (3)]
  3822 | D:5      | Reached XP level 8. HP: 3/51 MP: 0/8
  4223 | D:5      | Reached skill level 5 in Axes
  4485 | Temple   | Entered the Ecumenical Temple
  4600 | D:5      | Found a sparkling altar of Nemelex Xobeh.
  4627 | D:5      | Found a runed translucent door.
  4628 | D:5      | Noticed Crazy Yiuf
  4740 | D:5      | Killed Crazy Yiuf
  4956 | D:6      | Found Lorhur's Weapon Shoppe.
  5029 | D:6      | Reached **** piety under Trog
  5223 | D:6      | Reached XP level 9. HP: 56/56 MP: 5/9
  5231 | D:6      | Reached skill level 5 in Dodging
  5233 | D:6      | Noticed Pikel
  5282 | D:6      | Killed Pikel
  5832 | D:6      | Noticed Dowan
  5833 | D:6      | Noticed Duvessa
  5842 | D:6      | Noticed Eustachio
  5863 | D:6      | Killed Duvessa
  5863 | D:6      | Received a gift from Trog
  5875 | D:6      | Killed Eustachio
  5881 | D:6      | Killed Dowan
  6170 | D:7      | Reached XP level 10. HP: 49/64 MP: 7/10
  6292 | D:7      | Found an ornate altar of the Wu Jian Council.
  7068 | D:8      | Reached ***** piety under Trog
  7215 | D:8      | Found a shimmering altar of Xom.
  7215 | D:8      | Found a bloodstained altar of Trog.
  7400 | D:8      | Found a glowing golden altar of the Shining One.
  7402 | D:8      | Found a blossoming altar of Fedhas.
  7403 | D:8      | Found a basalt altar of Yredelemnul.
  7933 | D:9      | Found a staircase to the Orcish Mines.
  7933 | D:9      | Found Sypap's Armour Shop.
  7957 | D:9      | Reached XP level 11. HP: 67/71 MP: 8/11
  7967 | D:9      | Found Uhisu's Weapon Shop.
  8408 | D:10     | Entered Level 10 of the Dungeon
  8843 | D:10     | Noticed a deep elf mage
  8862 | D:10     | Killed a deep elf mage
  8869 | D:10     | Killed from afar by a gargoyle

Skill      XL: |  1  2  3  4  5  6  7  8  9 10 |
---------------+-------------------------------+-----
Axes           | 3 4 5 6 8 |  8.3
Dodging        | 2 3 4 5 7 |  7.3
Armour         | 3 4 5 6 7 9 |  9.6
Fighting       | 4 5 6 8 9 |  9.8

Action                   |  1- 3 |  4- 6 |  7- 9 | 10-12 || total
-------------------------+-------+-------+-------+-------++-------
Melee: Hand axe          |   102 |   119 |   423 |   574 ||  1218
Invok: Berserk           |       |     5 |     9 |     2 ||    16
       Trog's Hand       |       |     1 |     1 |     1 ||     3
  Use: Scroll            |       |       |       |    25 ||    25
 Stab: Sleeping          |     1 |       |       |       ||     1
  Eat: Chunk             |     1 |     6 |    17 |    11 ||    35
       Ration            |       |     1 |     1 |       ||     2
Armor: Animal skin       |    35 |    64 |    58 |       ||   157
       Plate armour      |       |       |   318 |   441 ||   759
       Chain mail        |       |       |    29 |       ||    29
Dodge: Dodged            |    77 |   111 |   310 |   312 ||   810
